 Dungeon Crawl Stone Soup version 0.31-a0-339-gda1cbd555d (webtiles) character file.

Game seed: 13824684630122345129

726 Newt the Skirmisher (level 8, 0/48 HPs)
             Began as a Kobold Hunter on July 20, 2023.
             Slain by Grinder (5 damage)
             ... on level 4 of the Dungeon.
             The game lasted 00:04:25 (3457 turns).

Newt the Skirmisher (Kobold Hunter)                 Turns: 3457, Time: 00:04:25

Health: 0/48       AC:  4    Str:  8    XL:     8   Next: 2%
Magic:  0/8        EV: 17    Int: 11    God:
Gold:   141        SH:  0    Dex: 20    Spells: 7/7 levels left

rFire   . . .        a - +0 shortbow
rCold   . . .        (shield currently unavailable)
rNeg    . . .        c - +1 leather armour
rPois   .            (no helmet)
rElec   .            (no cloak)
rCorr   .            (no gloves)
SInv    .            (no boots)
Will    .....        g - amulet of guardian spirit
Stlth   +++          (no ring)
HPRegen 0.28/turn    (no ring)
MPRegen 0.11/turn

%: guardian spirit
@: no status effects
A: small, no large weapons, nightstalker 3
a: no special abilities


You were on level 4 of the Dungeon.
You visited 1 branch of the dungeon, and saw 4 of its levels.
You also visited: Sewer.

You collected 165 gold pieces.
You spent 24 gold pieces at shops.

Inventory:

Hand Weapons
 a - a +0 shortbow (weapon)
Armour
 c - a +1 leather armour (worn)
Jewellery
 g - an amulet of guardian spirit (around neck)
Wands
 e - a wand of digging (2)
Scrolls
 b - a scroll of butterflies
 f - a scroll of amnesia
 j - a scroll of teleportation
 o - a scroll of fear
 q - a scroll of enchant armour
Potions
 d - 2 potions of might
 h - a potion of degeneration
 i - a potion of enlightenment
 k - a potion of brilliance
 m - a potion of heal wounds
 n - a potion of mutation {unknown}
 p - 2 potions of cancellation {unknown}


   Skills:
 - Level 4.0 Fighting
 - Level 10.0 Ranged Weapons
 + Level 5.5 Dodging
 - Level 1.3 Stealth


You had 7 spell levels left.
You didn't know any spells.
Your spell library contained the following spells:

 Spells                   Type           Power      Damage    Failure   Level
 Blink                    Tloc           0%         N/A       61%         2
 Lesser Beckoning         Tloc           0%         N/A       61%         2
 Momentum Strike          Conj/Tloc      0%         3d8       61%         2
 Call Canine Familiar     Summ           0%         N/A       83%         3
 Portal Projectile        Hex/Tloc       0%         N/A       83%         3
 Anguish                  Hex/Necr       0%         N/A       99%         4
 Cause Fear               Hex            0%         N/A       99%         4
 Leda's Liquefaction      Hex/Erth       0%         N/A       99%         4
 Enfeeble                 Hex            0%         N/A       100%        7


Dungeon Overview and Level Annotations

Branches:
Dungeon (4/15)              Sewer (visited)
 Temple: D:4-7

Altars:
Dithmenos
Gozag
Makhleb
Ru

Shops:
D:2 *

Annotations:
D:4 Grinder


Innate Abilities, Weirdness & Mutations

You are small and have problems with some larger weapons.
You are completely attuned to the shadows.


Message History

You shoot an arrow. The arrow closely misses Grinder.
Grinder barely misses you.
You shoot an arrow. The arrow hits Grinder.
Grinder is heavily wounded.
Grinder hits you!
You writhe in agony.
You shoot an arrow. The arrow barely misses Grinder.
Grinder barely misses you.
You shoot an arrow. The arrow barely misses Grinder.
Grinder hits you!
You writhe in agony.
You shoot an arrow. The arrow closely misses Grinder.
Grinder gestures at you.
You suddenly lose the ability to move!
Grinder gestures at you. Pain shoots through your body! Grinder hits you.
You writhe in agony.
Grinder gestures at you. Pain shoots through your body!
* * * LOW HITPOINT WARNING * * *
Grinder gestures at you. Pain shoots through your body!
* * * LOW HITPOINT WARNING * * *
You can move again.
Unknown command.
Unknown command.
Unknown command.
Unknown command.
You feel much better. Grinder hits you!
You writhe in agony.
Unknown command.
You shoot an arrow.
The arrow hits Grinder but does no damage.
Grinder is heavily wounded.
Grinder hits you but does no damage.
You shoot an arrow. The arrow closely misses Grinder.
Grinder hits you.
You writhe in agony.
* * * LOW HITPOINT WARNING * * *
You shoot an arrow. The arrow hits Grinder.
Grinder is severely wounded.
Grinder hits you.
* * * LOW HITPOINT WARNING * * *
You writhe in agony.
You die...

.....#
#......#
.....#
#..)...#
.....#
#......#
.....#
#......#
....##
#....>.#
...##
#......#
#..#
####.###
...# #.#
#..# ##@#
...## #.5#
....###
###..#..
#......
####.......
.......
...........
.......
..#.....###
.......
...)..)#
....#.#
....).#.#
#..##
......#.#


You could see Grinder.

Vanquished Creatures
  Sigmund (D:2)
  Menkaure (D:4)
  3 kobold brigands (Sewer)
  5 river rats
  6 adders
  4 worms
  4 dart slugs
  6 orcs
  8 endoplasms
  6 giant cockroaches
  5 goblins
  6 hobgoblins
  10 jackals
  2 quokkas (D:1)
  10 ball pythons
  A bat (D:2)
  3 frilled lizards
  26 kobolds
  18 rats
125 creatures vanquished.

Notes
Turn   | Place    | Note
-------+----------+-------------------------------------------
     0 | D:1      | Newt the Kobold Hunter began the quest for the Orb.
     0 | D:1      | Reached XP level 1. HP: 12/12 MP: 1/1
   124 | D:1      | Reached XP level 2. HP: 18/18 MP: 2/2
   512 | D:2      | Found Cusaunn's General Store.
   523 | D:2      | Bought a scroll of identify for 24 gold pieces
   556 | D:2      | Reached XP level 3. HP: 23/23 MP: 3/3
   558 | D:2      | Found a burning altar of Makhleb.
   693 | D:2      | Noticed Sigmund
   703 | D:2      | Killed Sigmund
   704 | D:2      | Reached skill level 7 in Ranged Weapons
   704 | D:2      | Reached XP level 4. HP: 13/29 MP: 1/4
   704 | D:2      | Reached XP level 5. HP: 14/33 MP: 1/5
   919 | D:2      | Reached XP level 6. HP: 38/38 MP: 6/6
  1087 | D:2      | Reached skill level 8 in Ranged Weapons
  1202 | D:3      | Found an opulent altar of Gozag.
  1547 | D:3      | Found a sacrificial altar of Ru.
  1763 | D:3      | Found a glowing drain.
  1781 | Sewer    | Entered a sewer
  1929 | Sewer    | Reached skill level 9 in Ranged Weapons
  2214 | Sewer    | Reached XP level 7. HP: 43/43 MP: 7/7
  2366 | Sewer    | Reached skill level 10 in Ranged Weapons
  3207 | D:4      | Noticed Menkaure
  3225 | D:4      | Killed Menkaure
  3226 | D:4      | Reached skill level 5 in Dodging
  3226 | D:4      | Reached XP level 8. HP: 14/48 MP: 1/8
  3384 | D:4      | Found a shadowy altar of Dithmenos.
  3437 | D:4      | Noticed Grinder
  3449 | D:4      | Paralysed by Grinder for 5 turns
  3457 | D:4      | Slain by Grinder

Illustrated notes

Levels and vault maps discovered:
D:1:      amcnicky_arrival_gap_in_the_tavern_cellar, layout_rooms
D:2:      layout_rooms, basic_altar, serial_shops, shop, uniq_sigmund
D:3:      minmay_diamond_boxcup, layout_loops_ring,
          mainiacjoe_overflow_boulevard, mainiacjoe_overflow_alcove_2,
          portal_sewer_entry_e
D:4:      layout_rooms, nicolae_dithmenos_the_darkroom, uniq_grinder,
          uniq_natasha, uniq_menkaure

Skill      XL: |  1  2  3  4  5  6  7 |
---------------+----------------------+-----
Fighting       | 3 4 |  4.0
Ranged Weapons | 7 9 10 | 10.0
Dodging        | 5 |  5.5
Stealth        | |  1.3

Action                     |  1- 3 |  4- 6 |  7- 9 || total
---------------------------+-------+-------+-------++-------
   Fire: Shortbow          |    54 |   152 |   163 ||   369
    Use: Scroll            |     3 |     4 |     4 ||    11
         Potion            |     2 |     1 |     2 ||     5
 Armour: Leather armour    |     1 |    21 |    21 ||    43
  Dodge: Dodged            |    12 |    74 |    62 ||   148

Table legend: (Time is in decaauts)
 A = Elapsed time spent in this place.
 B = Non-inter-level travel time spent in this place.
 C = Inter-level travel time spent in this place.
 D = Time resting spent in this place.
 E = Time spent auto-exploring this place.
 F = Levels seen in this place.
 G = Mean time per level.
                   A        B        C        D        E       F      G
               +--------+--------+--------+--------+--------+-----+--------+
         Total |   3488 |   3437 |     51 |    703 |   1974 |   5 |  697.6 |
       Dungeon |   2508 |   2457 |     51 |    322 |   1551 |   4 |  627.0 |
         Sewer |    979 |    979 |      0 |    381 |    423 |   1 |  979.0 |
               +--------+--------+--------+--------+--------+-----+--------+

Top non-repeatable levels by time:
     D:3: 1035 daAuts
   Sewer: 979 daAuts
     D:2: 723 daAuts
     D:1: 488 daAuts
     D:4: 261 daAuts
